 Dungeon Crawl Stone Soup version 0.29.1-1-gd02db6906a (webtiles) character file.

Game seed: 13052604721490940348

12971 funnyparkerb the Fighter (level 12, -11/103 HPs)
             Began as a Djinni Fire Elementalist on Sept 27, 2022.
             Was a Priest of Ashenzari.
             Mangled by a death yak (24 damage)
             ... on level 1 of the Lair of Beasts.
             The game lasted 00:30:30 (15157 turns).

funnyparkerb the Fighter (DjFE)                    Turns: 15157, Time: 00:30:30

Health: -11/103    AC:  7    Str: 14    XL:     12   Next: 26%
Gold:   410        EV: 14    Int: 28    God:    Ashenzari [***...] SH:  3 Dex: 12

rFire   + . .      SeeInvis +   H - +3 whip of Ashenzari's Loss {protect, rElec rC- Will++ Int+2, Cun, Fort} (curse)
rCold   x x .      Faith    .   J - +0 buckler
rNeg    + . .      Spirit   .   a - +1 robe of Rationality {rN+ Str+3 Dex-2}
rPois   ∞          Reflect  .   p - +1 hat "Share My Soothsayer" {Range, Melee} (curse)
rElec   +          Harm     .   F - +2 cloak "Thunder Perfect Mind" {Will++ Str-2 Int-2 Stlth+, Self, Melee} (curse)
rCorr   .          Rampage  .   (no gloves)
Will    +++++      Clarity  +   (boots unavailable)
Stlth   +++.......              (no amulet)
HPRegen 0.27/turn               v - ring of Supernal Knowledge {rF- Will+ MP+9 Int+6, Self, Range} (curse)
MPRegen 0.00/turn               j - ring of Ashenzari's Seer {rPois Str+6 Slay+3 SInv, Fort, Self} (curse)

@: flying
A: sickness immunity, fire resistance 2, cold vulnerability 1, float, innate
caster, HP casting, extra vitality 1
a: Renounce Religion, Shatter the Chains


You were on level 1 of the Lair of Beasts.
You worshipped Ashenzari.
Ashenzari was most pleased with you.
You visited 3 branches of the dungeon, and saw 12 of its levels.
You also visited: Ossuary.

You collected 590 gold pieces.
You spent 180 gold pieces at shops.

Inventory:

Hand Weapons
 H - the cursed +3 whip of Ashenzari's Loss (weapon) {protect, rElec rC- Will++ Int+2, Cun, Fort}
   (You found it on level 5 of the Dungeon)

   It grants its wielder temporary protection when it strikes (+7 to AC).
   Int:       It affects your intelligence (+2).
   rC:        It makes you vulnerable to cold.
   rElec:     It insulates you from electricity.
   Will:      It greatly increases your willpower.
   It has a curse which improves the following skills: Cunning: Dodging and
   Stealth.
   Fortitude: Armour and Shields.
Armour
 a - the +1 robe of Rationality (worn) {rN+ Str+3 Dex-2}
   (You found it on level 5 of the Dungeon)

   Str:       It affects your strength (+3).
   Dex:       It affects your dexterity (-2).
   rN:        It protects you from negative energy.
 p - the cursed +1 hat "Share My Soothsayer" (worn) {Range, Melee}
   (You found it on level 2 of the Dungeon)

   It has a curse which improves the following skills: Ranged Combat: Ranged
   Weapons and Throwing.
   Melee Combat: Short Blades, Long Blades, Axes, Maces & Flails, Polearms,
   Staves and Unarmed Combat.
 C - +0 steam dragon scales
 F - the cursed +2 cloak "Thunder Perfect Mind" (worn) {Will++ Str-2 Int-2 Stlth+, Self, Melee}
   (You bought it in a shop on level 2 of the Dungeon)

   Str:       It affects your strength (-2).
   Int:       It affects your intelligence (-2).
   Will:      It greatly increases your willpower.
   Stlth:     It makes you more stealthy.
   It has a curse which improves the following skills: Introspection: Fighting
   and Spellcasting.
   Melee Combat: Short Blades, Long Blades, Axes, Maces & Flails, Polearms,
   Staves and Unarmed Combat.
 J - a +0 buckler (worn)
 K - a +0 plate armour
Jewellery
 h - a +4 ring of evasion
 j - the cursed ring of Ashenzari's Seer (right hand) {rPois Str+6 Slay+3 SInv, Fort, Self}
   (You found it on level 2 of the Dungeon)

   [ring of strength]

   Str:       It affects your strength (+6).
   Slay:      It affects your accuracy & damage with ranged weapons and melee
   (+3).
   rPois:     It protects you from poison.
   SInv:      It lets you see invisible.
   It has a curse which improves the following skills: Fortitude: Armour and
   Shields.
   Introspection: Fighting and Spellcasting.
 r - a ring of resist corrosion
 v - the cursed ring of Supernal Knowledge (left hand) {rF- Will+ MP+9 Int+6, Self, Range}
   (You found it on level 3 of the Dungeon)

   [ring of intelligence]

   Int:       It affects your intelligence (+6).
   rF:        It makes you vulnerable to fire.
   MP:        It affects your magic capacity (+9).
   Will:      It increases your willpower.
   It has a curse which improves the following skills: Introspection: Fighting
   and Spellcasting.
   Ranged Combat: Ranged Weapons and Throwing.
 E - a ring of willpower
Wands
 q - a wand of paralysis (4)
 B - a wand of roots (14)
 G - a wand of digging (6)
Scrolls
 d - a scroll of silence
 f - 2 scrolls of magic mapping
 i - 2 scrolls of fog
 k - 5 scrolls of fear
 n - 2 scrolls of teleportation
 o - 2 scrolls of vulnerability
 s - a scroll of blinking
 x - 2 scrolls of enchant weapon
 y - 2 scrolls of poison
 z - 2 scrolls of immolation
 D - a scroll of acquirement
Potions
 b - 3 potions of might
 c - 2 potions of attraction
 e - 2 potions of cancellation
 g - 2 potions of lignification
 l - 3 potions of degeneration
 m - 10 potions of ambrosia
 t - 3 potions of brilliance
 u - 3 potions of heal wounds
 w - a potion of haste
 A - 5 potions of curing
 I - a potion of berserk rage


   Skills:
 * Level 12.2(15.3) Fighting
 + Level 5.7(7.3) Dodging
 - Level 1.5(2.7) Stealth
 * Level 10.9(14.1) Spellcasting


You had 12 spell levels left.
You knew the following spells:

 Your Spells              Type           Power      Damage    Failure   Level
a - Foxfire               Conj/Fire      100%       2x1d9     0%          1
b - Scorch                Fire           100%       2d10      0%          2
c - Conjure Flame         Conj/Fire      78%        6-21      1%          3
d - Inner Flame           Hex/Fire       78%        N/A       1%          3
e - Flame Wave            Conj/Fire      78%        2d17      1%          4
f - Beastly Appendage     Tmut           100%       N/A       0%          1
g - Passwall              Tmut/Erth      65%        N/A       0%          2
h - Teleport Other        Tloc           78%        N/A       1%          3
i - Cause Fear            Hex            39%        N/A       1%          4
j - Hailstorm             Conj/Ice       78%        3d16      1%          4
Your spell library was empty.

Dungeon Overview and Level Annotations

Branches:
Dungeon (10/15)            Temple (1/1) D:6            Lair (1/5) D:10
Ossuary (visited)
    Orc: D:9-12

Altars:
Ashenzari
Cheibriados
Dithmenos
Elyvilon
Fedhas
Hepliaklqana
Makhleb
Nemelex Xobeh
Okawaru
Qazlal
Ru
Trog
Uskayaw
Wu Jian
Xom
Yredelemnul
Zin
The Shining One

Shops:
D:2 [   D:5 [   D:9 [

Annotations:
Temple 2 transporters


Innate Abilities, Weirdness & Mutations

You are immune to sickness and miasma.
You are immune to poison.
Your flesh is very heat resistant. (rF++)
You are vulnerable to cold. (rC-)
You float through the air rather than walking.
You learn spells naturally, not from books.
Your magical power is your life essence.
You have superior vitality. (+4 MHP)


Message History

The black bear is severely wounded.
The flame wave engulfs the death yak!!
The death yak is moderately wounded. (Press . to intensify the flame waves.)
You hear a loud, deep croak!
The death yak closely misses you. The death yak gores you!
The komodo dragon bites you!!
A wave of flame ripples out!
The flame wave engulfs the death yak!
The death yak is heavily wounded.
The flame wave engulfs the komodo dragon!
The komodo dragon is heavily wounded.
The flame wave engulfs the death yak!
The death yak is lightly wounded.
The flame wave engulfs the death yak but does no damage.
The death yak is moderately wounded.
The flame wave engulfs the death yak!!
The death yak is moderately wounded.
The flame wave engulfs the black bear!
You kill the black bear!
The flame wave engulfs the death yak!
The death yak is lightly wounded.
You hear a croak.
The death yak gores you!! x2
* * * LOW HITPOINT WARNING * * *
The komodo dragon barely misses you.
A wave of flame ripples out!
The flame wave engulfs the death yak.
The death yak is heavily wounded.
The flame wave engulfs the komodo dragon!
The komodo dragon is severely wounded.
The flame wave engulfs the death yak!!
The death yak is heavily wounded.
The flame wave engulfs the death yak!
The death yak is heavily wounded.
The flame wave engulfs the death yak!!
The death yak is heavily wounded.
The flame wave engulfs the death yak!!
The death yak is heavily wounded.
* * * LOW HITPOINT WARNING * * *
You finish channelling waves of flame.
The death yak gores you!!
You die...

, , , ,
........... *,
# .........#* *
* * #.,
#........# * ,,
...##........##
,
..............#
,
.......YY......
, ,
......Y÷Y......
, ,
......Y@÷......
, ,
......l÷.......
,
..........##...
,, .....##...#,
,.,, ,, .....
#...# , ,
.###*,.....**,
, , ...... , ,
, ....... , , ,
, ,


You could see 5 death yaks and a komodo dragon.

Vanquished Creatures
  A centaur warrior (D:8)
  A death yak (D:10)
  Amaemon (D:9)
  An orange demon (D:9)
  A black mamba (Lair:1)
  A cane toad (Lair:1)
  Maggie (D:6)
  A komodo dragon (D:10)
  A queen bee (D:9)
  A troll (D:10)
  A hornet (D:9)
  5 blink frogs (Lair:1)
  Sigmund (D:5)
  A shadow (D:10)
  A wraith (D:10)
  12 yaks
  A steam dragon (D:7)
  Menkaure (D:6)
  An acid dragon (D:8)
  4 water moccasins
  2 sky beasts
  5 orc warriors
  An ice beast (D:6)
  2 ogres
  2 black bears
  3 centaurs
  2 kobold brigands
  A scorpion (D:5)
  A bullfrog (D:9)
  A necrophage (D:6)
  2 gnoll sergeants
  7 water moccasin zombies (Ossuary)
  42 killer bees
  2 howler monkeys (D:8)
  5 orc priests
  Crazy Yiuf (D:2)
  2 gnoll boudas
  3 hounds
  Natasha (D:3)
  6 iguanas
  10 orc wizards
  2 human simulacra (D:9)
  2 mummies (Ossuary)
  Robin (D:2)
  15 gnolls
  8 adders
  A shadow imp (D:6)
  An ufetubus (D:6)
  6 adder zombies (Ossuary)
  A worm (D:2)
  4 dart slugs
  37 orcs
  8 ball pythons
  3 bats
  4 endoplasms
  A giant cockroach (D:3)
  2 gnoll zombies (Ossuary)
  20 goblins
  9 hobgoblins
  2 jackals (D:4)
  14 kobolds
  5 quokkas
  2 frilled lizards
  7 hobgoblin zombies (Ossuary)
  6 kobold zombies (Ossuary)
  5 orc zombies (Ossuary)
  7 rats
312 creatures vanquished.

Vanquished Creatures (others)
  408 foxfires
  31 plants (D:10)
439 creatures vanquished.

Grand Total: 751 creatures vanquished

Notes
Turn   | Place    | Note
-------+----------+-------------------------------------------
     0 | D:1      | funnyparkerb the Djinni Fire Elementalist began the quest
                  | for the Orb.
     0 | D:1      | funnyparkerb set off with the following spells memorised:
                  | Foxfire, Scorch, Conjure Flame, Inner Flame, Flame Wave.
     0 | D:1      | Reached XP level 1. HP: 15/15 MP: 0/0
   288 | D:1      | Found a faded altar of an unknown god.
   297 | D:1      | Reached XP level 2. HP: 10/22 MP: 0/0
   300 | D:1      | Reached skill level 1 in Fighting
  1299 | D:1      | Reached XP level 3. HP: 26/27 MP: 0/0
  1299 | D:1      | Learned a level 1 spell: Beastly Appendage
  1386 | D:2      | Identified the ring "Olimaad" {rPois Str+6 Slay+3 SInv}
  1880 | D:2      | Reached skill level 2 in Fighting
  1914 | D:2      | Noticed Robin
  1936 | D:2      | Reached XP level 4. HP: 21/33 MP: 0/0
  2066 | D:2      | Killed Robin
  2871 | D:2      | Found Cequkk's Antique Armour Emporium.
  2956 | D:2      | Found a runed translucent door.
  2957 | D:2      | Noticed Crazy Yiuf
  2965 | D:2      | Killed Crazy Yiuf
  2966 | D:2      | Reached skill level 3 in Fighting
  2966 | D:2      | Reached XP level 5. HP: 30/40 MP: 0/0
  2966 | D:2      | Learned a level 2 spell: Passwall
  3791 | D:3      | Identified the ring of Lyjuamm {rF- Will+ MP+9 Int+6}
  4006 | D:3      | Noticed Natasha
  4010 | D:3      | Killed Natasha
  4145 | D:4      | You are sucked into a shaft and drop 2 floors!
  4146 | D:6      | Noticed Menkaure
  4149 | D:6      | Killed Menkaure
  4150 | D:6      | Reached skill level 4 in Fighting
  4150 | D:6      | Reached XP level 6. HP: 15/47 MP: 0/0
  4386 | D:6      | Found a sand-covered staircase.
  4390 | Ossuary  | Entered an ossuary
  4802 | Ossuary  | Reached XP level 7. HP: 27/53 MP: 0/0
  4802 | Ossuary  | Learned a level 3 spell: Teleport Other
  4812 | Ossuary  | Reached skill level 5 in Fighting
  5220 | Ossuary  | Reached skill level 5 in Spellcasting
  5440 | Ossuary  | Reached XP level 8. HP: 14/61 MP: 0/0
  5818 | D:6      | Found a staircase to the Ecumenical Temple.
  5818 | D:6      | Noticed Maggie
  5837 | D:6      | Killed Maggie
  5838 | D:6      | Reached skill level 6 in Fighting
  6067 | D:5      | Entered Level 5 of the Dungeon
  6096 | Temple   | Entered the Ecumenical Temple
  6096 | Temple   | Found a transporter.
  6096 | Temple   | Found a transporter.
  6098 | Temple   | Found a transporter.
  6098 | Temple   | Found a transporter.
  6122 | Temple   | Became a worshipper of Ashenzari the Shackled
  6350 | D:4      | Reached skill level 7 in Fighting
  6620 | D:4      | Reached XP level 9. HP: 63/68 MP: 0/0
  6620 | D:4      | Learned a level 4 spell: Cause Fear
  7174 | D:2      | Bought a faintly glowing cloak for 180 gold pieces
  7174 | D:2      | Identified the +2 cloak of Kistroep {Will++ Str-2 Int-2
                  | Stlth+} (You bought it in a shop on level 2 of the Dungeon)
  7505 | D:5      | Noticed Sigmund
  7512 | D:5      | Killed Sigmund
  7513 | D:5      | Reached skill level 8 in Fighting
  7609 | D:5      | Identified the +3 whip of Qygo {protect, rElec rC- Will++
                  | Int+2}
  7664 | D:5      | Reached * piety under Ashenzari
  7664 | D:5      | Identified a scroll of acquirement
  7702 | D:5      | Identified the +1 robe of Rationality {rN+ Str+3 Dex-2}
  7773 | D:5      | Found Bysufubb's Antique Armour Emporium.
  8535 | D:6      | Identified the +9 mace of Cobwebs {speed, *Slow +Blink
                  | rElec}
  8668 | D:6      | Reached skill level 9 in Fighting
  8897 | D:7      | Reached XP level 10. HP: 72/81 MP: 0/0
  9093 | D:7      | Found a blossoming altar of Fedhas.
  9866 | D:8      | Reached skill level 10 in Fighting
  9954 | D:8      | Reached ** piety under Ashenzari
 10175 | D:8      | Reached *** piety under Ashenzari
 10305 | D:8      | Noticed a centaur warrior
 10314 | D:8      | Killed a centaur warrior
 11067 | D:9      | Found Zomesked's Armour Emporium.
 11074 | D:9      | Reached XP level 11. HP: 73/90 MP: 0/0
 11074 | D:9      | Learned a level 4 spell: Hailstorm
 11193 | D:9      | Noticed Amaemon
 11426 | D:9      | Killed Amaemon
 12156 | D:9      | Noticed a skeletal warrior
 12156 | D:9      | Noticed a skeletal warrior
 12156 | D:9      | Noticed a skeletal warrior
 12156 | D:9      | Noticed a skeletal warrior
 12167 | D:9      | Noticed a skeletal warrior
 12413 | D:9      | Reached skill level 10 in Spellcasting
 13063 | D:9      | Reached skill level 11 in Fighting
 13118 | D:9      | Identified the cursed +1 hat "Share My Soothsayer" {Range,
                  | Melee} (You found it on level 2 of the Dungeon)
 13509 | D:10     | Entered Level 10 of the Dungeon
 14058 | D:10     | Found a staircase to the Lair.
 14122 | D:10     | Identified Qasm's Cyclopedia of the Altered Iceberg
 14400 | Lair:1   | Entered Level 1 of the Lair of Beasts
 14410 | Lair:1   | Noticed a death yak
 14411 | Lair:1   | Reached skill level 5 in Dodging
 14411 | Lair:1   | Noticed a death yak
 14413 | Lair:1   | Noticed a death yak
 14413 | Lair:1   | Noticed a death yak
 14415 | Lair:1   | Reached XP level 12. HP: 42/100 MP: 0/0
 14416 | Lair:1   | Noticed a death yak
 14417 | Lair:1   | Reached skill level 12 in Fighting
 14417 | Lair:1   | Noticed a death yak
 14989 | D:10     | Killed a death yak
 15157 | Lair:1   | Mangled by a death yak

Illustrated notes

Levels and vault maps discovered:
D:1:      dpeg_arrival_rhombi, layout_basic, basic_ecumenical_altar
D:2:      minmay_wonky_spiral, layout_basic, serial_shops, shop, uniq_robin,
          uniq_crazy_yiuf_cottage
D:3:      layout_basic, mainiacjoe_overflow_alcove_2, uniq_natasha
D:4:      layout_basic, grunt_gozag_breadcrumbs
D:5:      layout_gridville, serial_shops, shop, uniq_sigmund
D:6:      layout_basic, minmay_temple_entry_drinking_statues,
          lightli_ossuary_entry_decrepit_ruins, serial_glass, glass_columns_a,
          glass_columns_c, minivault_24, minivault_19, uniq_maggie,
          uniq_menkaure
D:7:      layout_basic, mainiacjoe_overflow_paths, minmay_tree_intersection
D:8:      layout_rooms
D:9:      layout_roguey [special_room_bee], serial_shops, nicolae_diamond_shop,
          bh_circular_ruins, uniq_amaemon
D:10:     layout_cave_pools, david_lair_shrubbed
Temple:   hellmonk_temple_divided_pantheon
Lair:1:   layout_hall_layers, beast_lair_carwin_8

Skill      XL: |  1  2  3  4  5  6  7  8  9 10 11 12 |
---------------+-------------------------------------+-----
Fighting       | 1 2 3 4 5 7 9 10 11 12 | 12.2
Spellcasting   | 3 4 5 6 7 9 10 | 10.9
Dodging        | 5 |  5.7
Stealth        | |  1.5

Action                   |  1- 3 |  4- 6 |  7- 9 | 10-12 || total
-------------------------+-------+-------+-------+-------++-------
 Cast: Foxfire           |    47 |    15 |    96 |    99 ||   257
       Scorch            |    16 |    72 |   103 |   171 ||   362
       Passwall          |       |     1 |       |       ||     1
       Conjure Flame     |       |     3 |     7 |    15 ||    25
       Flame Wave        |       |     1 |     1 |     9 ||    11
       Inner Flame       |       |       |     1 |     8 ||     9
       Cause Fear        |       |       |     1 |     2 ||     3
       Hailstorm         |       |       |       |     9 ||     9
       Beastly Appendage |       |       |       |     1 ||     1
       Teleport Other    |       |       |       |     4 ||     4
Invok: Curse Item        |       |       |     2 |     3 ||     5
  Use: Potion            |       |       |     3 |       ||     3
       Scroll            |       |       |       |     3 ||     3
Armor: Robe              |       |     4 |     5 |     1 ||    10
       Skin              |       |       |     2 |       ||     2
       Steam dragon scal |       |       |     9 |    21 ||    30
Dodge: Dodged            |     4 |    23 |    37 |    80 ||   144
Block: Buckler           |       |       |       |     2 ||     2
